 Dungeon Crawl Stone Soup version 0.21.0 (webtiles) character file.

50 Lanoc the Slasher (level 3, 0/29 HPs)
             Began as a Barachi Gladiator on Jan 6, 2018.
             Slain by Sigmund
             ... wielding a +0 scythe
              (2 damage)
             ... on level 2 of the Dungeon.
             The game lasted 00:02:46 (954 turns).

Lanoc the Slasher (Barachi Gladiator)                Turns: 954, Time: 00:02:47

Health: 0/29       AC:  4    Str: 15    XL:     3   Next: 79%
Magic:  3/3        EV: 13    Int:  8    God:
Gold:   89         SH:  0    Dex: 14    Spells: 2/2 levels left

rFire    . . .     SeeInvis .   a - +0 long sword
rCold    . . .     Gourm    .   (no shield)
rNeg     . . .     Faith    .   b - +0 leather armour
rPois    .         Spirit   .   c - +0 helmet
rElec    .         Reflect  .   (no cloak)
rCorr    .         Harm     .   (no gloves)
MR       .....                  (no boots)
Stlth    +.........             (no amulet)
HPRegen  0.09/turn              (no ring)
MPRegen  0.08/turn              (no ring)

@: lethally poisoned (0 -> -11), slow
A: +LOS, swims, slowness 1, strong legs 1
a: Hop


You were on level 2 of the Dungeon.
You were hungry.

You visited 1 branch of the dungeon, and saw 2 of its levels.

You collected 89 gold pieces.

Inventory:

Hand Weapons
 a - a +0 long sword (weapon)
Missiles
 d - 3 throwing nets (quivered)
 r - 21 arrows
Armour
 b - a +0 leather armour (worn)
 c - a +0 helmet (worn)
Scrolls
 e - a scroll of enchant armour {unknown}
 h - 5 scrolls of identify {unknown}
 i - 2 scrolls of magic mapping {unknown}
 k - a scroll of enchant weapon {unknown}
 n - a scroll of remove curse {unknown}
 o - a scroll of amnesia {unknown}
Potions
 g - 3 potions of lignification {unknown}
 j - a potion of heal wounds {unknown}
 l - a potion of haste {unknown}
 m - 2 potions of curing {unknown}
 p - 3 potions of ambrosia {unknown}
 q - a potion of degeneration {unknown}
Comestibles
 f - 5 rations


   Skills:
 + Level 3.0 Fighting
 * Level 4.4 Long Blades
 - Level 2.0 Throwing
 + Level 1.5 Armour
 + Level 3.7 Dodging


You had 2 spell levels left.
You didn't know any spells.

Dungeon Overview and Level Annotations

Branches:
Dungeon (2/15)

Altars:

Annotations:
D:2 Sigmund


Innate Abilities, Weirdness & Mutations

Shadows flee at your approach. (+LOS)
You can swim through water.
You cover ground slowly.
You can hop short distances.


Message History

Sigmund hits you with a scythe.
There is an open door, spattered with blood here.
The frilled lizard bites you.
Sigmund hits you from afar with a scythe.
The frilled lizard completely misses you.
The adder bites you.
You are poisoned.
The adder poisons you! Sigmund hits you with a scythe.
* * * LOW HITPOINT WARNING * * *
The frilled lizard barely misses you.
You riposte.
You hit the frilled lizard.
You kill the frilled lizard!
Okay, then.
You feel sick. The adder barely misses you. The adder bites you.
* * * LOW HITPOINT WARNING * * *
You are more poisoned.
The adder poisons you!
* * * LOW HITPOINT WARNING * * *
You feel sick.
Sigmund hits you from afar with a scythe.
You die...

####.#.###...## ##......
#......# #..## #......
####.##.### #..# #......
#........# #.># ##.....
#.##.##........## ##...#
#)##.###.####...## ##.##
#.##.# #.###.....## #####.##
#.##.###.##.......#####.......
#.#...##.#.@.@.....##.......#.
#........'..S......+..........
###...####.........##.......#.
##.## ##.......###.......#.
#.# ##.....## #...<...#. #.#
##...## #.......#. #.# ##+##
#.......#. #.# ###....... #.#
##.#####


You could see Sigmund and an adder.

Vanquished Creatures
  An adder (D:2)
  3 bats (D:1)
  A giant cockroach (D:2)
  7 goblins
  6 hobgoblins
  6 jackals
  A quokka (D:2)
  6 frilled lizards
  2 kobolds (D:2)
  4 rats
37 creatures vanquished.

Notes
Turn   | Place    | Note
-------+----------+-------------------------------------------
     0 | D:1      | Lanoc the Barachi Gladiator began the quest for the Orb.
     0 | D:1      | Reached XP level 1. HP: 17/17 MP: 1/1
   101 | D:1      | Reached XP level 2. HP: 21/23 MP: 2/2
   149 | D:1      | Reached skill level 4 in Long Blades
   289 | D:1      | Reached skill level 1 in Armour
   450 | D:1      | Reached XP level 3. HP: 25/28 MP: 3/3
   478 | D:1      | You fall through a shaft!
   949 | D:2      | Noticed Sigmund
   954 | D:2      | Slain by Sigmund

Skill      XL: |  1  2  3 |
---------------+----------+-----
Long Blades    | 4 |  4.4
Armour         | 1 |  1.5
Fighting       | 3 |  3.0
Throwing       | |  2.0
Dodging        | |  3.7

Action                   || total
-------------------------++-------
Melee: Long sword        ||   100
 Stab: Sleeping          ||     1
Armor: Leather armour    ||    30
Dodge: Dodged            ||    81
       Rpst.: Long sword ||    24
